 Dungeon Sprint DCSS version 0.19.0-24-gb05acd6 (webtiles) character file.

180 igo the Ogre Mage (level 5, -6/45 HPs)
             Began as an Ogre Air Elementalist on Nov 21, 2016.
             Was a Follower of Sif Muna.
             Mangled by a hill giant
             ... wielding a cursed -1 giant spiked club
              (31 damage)
             ... in the Dungeon (Sprint IX: "|||||||||||||||||||||||||||||").
             The game lasted 00:02:34 (363 turns).

igo the Ogre Mage (Ogre Air Elementalist)            Turns: 363, Time: 00:02:35

Health: -6/45      AC:  5    Str: 13    XL:     5   Next: 60%
Magic:  8/16       EV: 10    Int: 15    God:    Sif Muna [*.....]
Gold:   0          SH:  0    Dex: 13    Spells: 4 memorised, 11 levels left

rFire  . . .     SeeInvis .     (no weapon)
rCold  . . .     Gourm    .     a - +0 robe
rNeg   . . .     Faith    .     (no shield)
rPois  .         Spirit   .     (helmet restricted)
rElec  .         Reflect  .     (no cloak)
rCorr  .         Harm     .     (gloves unavailable)
MR     .....     NoTele   +     (boots unavailable)
Stlth  ++........               (no amulet)
                                o - +3 ring of dexterity
                                p - +2 ring of protection

@: very slightly contaminated, repel missiles, invisible
A: unfitting armour, tough skin 1
a: Divine Energy, Renounce Religion


You were in the Dungeon.
You worshipped Sif Muna.
Sif Muna was aware of your devotion.
You were not hungry.

You visited 1 branch

Inventory:

Hand Weapons
 n - a +2 dire flail of protection
Armour
 a - a +0 robe (worn)
Magical Staves
 m - an uncursed staff of energy
Jewellery
 o - a +3 ring of dexterity (right hand)
 p - a +2 ring of protection (left hand)
Wands
 l - a wand of iceblast (5/15)
Scrolls
 h - 3 scrolls of remove curse
 i - 2 scrolls of blinking
 k - 2 scrolls of amnesia
Potions
 e - 2 potions of heal wounds
 f - 4 potions of curing
 g - 4 potions of magic
Books
 b - a book of Air

   Spells                             Type                      Level
   a - Shock                          Conjuration/Air              1
   b - Swiftness                      Charms/Air                   2
   c - Repel Missiles                 Charms/Air                   2
   d - Static Discharge               Conjuration/Air              3
   e - Lightning Bolt                 Conjuration/Air              5
Comestibles
 c - a bread ration
 j - 4 chunks of flesh


   Skills:
 - Level 1.7 Dodging
 - Level 1.4 Stealth
 * Level 8.9 Spellcasting
 + Level 4.0 Conjurations
 + Level 4.7 Air Magic


You had 11 spell levels left.
You knew the following spells:

 Your Spells              Type           Power        Failure   Level  Hunger
a - Shock                 Conj/Air       ###.         1%          1    None
b - Repel Missiles        Chrm/Air       ##....       8%          2    None
c - Lightning Bolt        Conj/Air       ###.......   54%         5    #####..
d - Swiftness             Chrm/Air       ##......     8%          2    None


Dungeon Overview and Level Annotations

Branches:
Dungeon (1/1)

Altars:
Cheibriados
Dithmenos
Elyvilon
Fedhas
Gozag
Hepliaklqana
Kikubaaqudgha
Makhleb
Nemelex Xobeh
Okawaru
Qazlal
Ru
Sif Muna
Trog
Uskayaw
Vehumet
Xom
Yredelemnul
Zin
The Shining One
Beogh
Jiyva
Lugonu


Innate Abilities, Weirdness & Mutations

You are too large for most types of armour.
You have tough skin. (AC +1)


Message History

Press < or > to pray at altars.
Evoke which item? (* to show all) (? for menu, Esc to quit)
Okay, then.
Casting: Shock
Confirm with . or Enter, or press ? or * to list all spells.
Aiming: Shock
Press: ? - help, Shift-Dir - straight line, f/p - hill giant
Aim: a hill giant, wielding a giant spiked club (severely wounded)
The zap hits the hill giant.
The hill giant is severely wounded.
The hill giant barely misses you.
Casting: Shock
Confirm with . or Enter, or press ? or * to list all spells.
Aiming: Shock
Press: ? - help, Shift-Dir - straight line, f/p - hill giant
Aim: a hill giant, wielding a giant spiked club (severely wounded)
The zap misses the hill giant.
The hill giant hits you with a giant spiked club!!
Ouch! That really hurt!
You die...

▓_▓
▓_▓
▓_▓
▓_▓
▓_▓
▓_▓
▓_▓
▓C▓
▓@▓
▓_▓
▓_▓
▓_▓
▓_▓
▓_▓
▓_▓
▓_▓
▓_▓


You could see a hill giant.

Vanquished Creatures
  A centaur (D)
  A jelly (D)
  An orc priest (D)
  A hound (D)
  A leopard gecko (D)
  An orc (D)
  A giant cockroach (D)
  A hobgoblin (D)
  2 jackals (D)
  A quokka (D)
  A frilled lizard (D)
  2 kobolds (D)
  A rat (D)
15 creatures vanquished.

Notes
Turn   | Place    | Note
-------+----------+-------------------------------------------
     0 | D        | igo the Ogre Air Elementalist began the quest for the Orb.
     0 | D        | Reached XP level 1. HP: 16/16 MP: 3/3
     5 | D        | Reached skill level 3 in Spellcasting
     5 | D        | Reached skill level 1 in Conjurations
   120 | D        | Noticed a hound
   120 | D        | Noticed a centaur
   125 | D        | Reached XP level 2. HP: 21/24 MP: 1/6
   136 | D        | Killed a centaur
   136 | D        | Reached skill level 6 in Spellcasting
   136 | D        | Reached XP level 3. HP: 20/31 MP: 1/11
   136 | D        | Reached XP level 4. HP: 26/39 MP: 1/12
   143 | D        | Reached skill level 7 in Spellcasting
   143 | D        | Reached XP level 5. HP: 26/45 MP: 1/15
   153 | D        | Found a roughly hewn altar of Beogh.
   153 | D        | Found a snail-covered altar of Cheibriados.
   153 | D        | Found a shadowy altar of Dithmenos.
   153 | D        | Found a white marble altar of Elyvilon.
   153 | D        | Found a blossoming altar of Fedhas.
   153 | D        | Found an opulent altar of Gozag.
   154 | D        | Found a hazy altar of Hepliaklqana.
   155 | D        | Found a viscous altar of Jiyva.
   156 | D        | Found an ancient bone altar of Kikubaaqudgha.
   157 | D        | Found a corrupted altar of Lugonu.
   158 | D        | Found a burning altar of Makhleb.
   159 | D        | Found a sparkling altar of Nemelex Xobeh.
   160 | D        | Found an iron altar of Okawaru.
   161 | D        | Found a stormy altar of Qazlal.
   162 | D        | Found a sacrificial altar of Ru.
   163 | D        | Found a deep blue altar of Sif Muna.
   164 | D        | Found a bloodstained altar of Trog.
   165 | D        | Found a hide-covered altar of Uskayaw.
   166 | D        | Found a radiant altar of Vehumet.
   167 | D        | Found a shimmering altar of Xom.
   168 | D        | Found a basalt altar of Yredelemnul.
   169 | D        | Found a glowing silver altar of Zin.
   170 | D        | Found a glowing golden altar of the Shining One.
   171 | D        | Became a worshipper of Sif Muna the Loreminder
   203 | D        | Learned a level 2 spell: Repel Missiles
   211 | D        | Learned a level 5 spell: Lightning Bolt
   214 | D        | Learned a level 2 spell: Swiftness
   324 | D        | Noticed a hill giant
   330 | D        | Reached skill level 8 in Spellcasting
   330 | D        | Reached * piety under Sif Muna
   363 | D        | Mangled by a hill giant

Skill      XL: |  1  2  3  4  5 |
---------------+----------------+-----
Spellcasting   | 3 6 7 8 |  8.9
Conjurations   | 1 3 4 |  4.0
Air Magic      | 3 4 |  4.7
Dodging        | |  1.7
Stealth        | |  1.4

Action                   |  1- 3 |  4- 6 || total
-------------------------+-------+-------++-------
Melee: Unarmed           |    10 |     7 ||    17
 Cast: Shock             |     7 |    11 ||    18
       Repel Missiles    |       |     1 ||     1
Evoke: Wand              |       |     2 ||     2
  Use: Potion            |     4 |     1 ||     5
Armor: Robe              |     2 |     4 ||     6
Dodge: Dodged            |    10 |     6 ||    16
